 Dungeon Crawl Stone Soup version 0.21.1-1-g345015fe64 (webtiles) character file.

99 JOKERXD40 the Chopper (level 4, -4/41 HPs)
             Began as a Hill Orc Monk on June 22, 2018.
             Slain by Artool's ghost (9 damage)
             ... on level 3 of the Dungeon.
             The game lasted 00:06:40 (2925 turns).

JOKERXD40 the Chopper (Hill Orc Monk)               Turns: 2925, Time: 00:06:40

Health: -4/41      AC:  9    Str: 14    XL:     4   Next: 72%
Magic:  4/4        EV:  7    Int: 10    God:
Gold:   194        SH:  0    Dex: 13    Spells: 3/3 levels left

rFire    . . .     SeeInvis .   a - +0 hand axe
rCold    + . .     Gourm    .   (no shield)
rNeg     . . .     Faith    .   r - +0 chain mail (curse)
rPois    .         Spirit   .   (no helmet)
rElec    .         Reflect  .   (no cloak)
rCorr    .         Harm     .   j - +0 pair of gloves
MR       .....                  (no boots)
Stlth    ..........             (no amulet)
HPRegen  0.13/turn              n - ring of protection from cold
MPRegen  0.09/turn              (no ring)

@: no status effects
A: no striking features
a: no special abilities


You were on level 3 of the Dungeon.
You were not hungry.

You visited 1 branch of the dungeon, and saw 3 of its levels.

You collected 194 gold pieces.

Inventory:

Hand Weapons
 a - a +0 hand axe (weapon)
Missiles
 b - 4 javelins (quivered)
Armour
 j - a +0 pair of gloves (worn)
 r - a cursed +0 chain mail (worn)
Jewellery
 n - a ring of protection from cold (left hand)
Scrolls
 d - 2 scrolls of identify
 f - a scroll of fear
 h - a scroll of fog {unknown}
 i - 2 scrolls of magic mapping {unknown}
 l - 2 scrolls of remove curse
 o - a scroll of immolation {unknown}
 p - 2 scrolls of noise {unknown}
Potions
 e - a potion of magic {unknown}
 g - a potion of curing {unknown}
 k - a potion of heal wounds {unknown}
 m - a potion of degeneration {unknown}
 q - a potion of flight {unknown}
Comestibles
 c - 7 rations


   Skills:
 + Level 4.3 Fighting
 + Level 5.3 Axes
 + Level 0.2 Armour
 + Level 3.0 Dodging
 + Level 2.1 Stealth


You had 3 spell levels left.
You didn't know any spells.

Dungeon Overview and Level Annotations

Branches:
Dungeon (3/15)

Altars:
Hepliaklqana

Annotations:
D:3 Artool's ghost, amateur DsGl


Message History

Artool's ghost hits you.
You barely miss Artool's ghost.
Artool's ghost is heavily damaged.
Artool's ghost hits you but does no damage.
You hit Artool's ghost.
Artool's ghost is heavily damaged.
Artool's ghost hits you.
* * * LOW HITPOINT WARNING * * *
You closely miss Artool's ghost.
Artool's ghost is heavily damaged.
Artool's ghost hits you but does no damage.
You barely miss Artool's ghost.
Artool's ghost is heavily damaged.
Artool's ghost wails.
Artool's ghost hits you.
* * * LOW HITPOINT WARNING * * *
You hit Artool's ghost but do no damage.
Artool's ghost is heavily damaged.
Artool's ghost hits you!
You die...

..#...#.#########.###.##
........# ##.## ##.## ####
#.####..# #.## ##.####...
#.......# ##.# #........
#######.# #..## ##.####... ##.##
#.#.## ##.## #### #...#
#.#..###..# ###
#...#####.#...(.#.# ..#
#.(.(..(W@......#.########
..######...#####.#####....#.....#
..##...........#.# #....#.....#
.................# #..†.......#
..##...........#.# #.#........#
..####.......###.#####.#.........
.## #.#...................###...
.# #.#...#.######..###..#...#..
## #.#...#.######.......#.⌠.#..


You could see Artool's ghost.

Vanquished Creatures
  5 adders
  An ooze (D:2)
  2 dart slugs
  A worm (D:2)
  3 leopard geckos
  5 bats
  A giant cockroach (D:3)
  4 hobgoblins
  2 jackals (D:3)
  2 frilled lizards
  4 goblins
  7 kobolds
  5 rats
42 creatures vanquished.

Notes
Turn   | Place    | Note
-------+----------+-------------------------------------------
     0 | D:1      | JOKERXD40 the Hill Orc Monk began the quest for the Orb.
     0 | D:1      | Reached XP level 1. HP: 19/19 MP: 1/1
   275 | D:1      | Reached XP level 2. HP: 24/27 MP: 2/2
  1113 | D:2      | Reached XP level 3. HP: 31/33 MP: 3/3
  1628 | D:2      | Reached XP level 4. HP: 33/40 MP: 4/4
  1795 | D:3      | Reached skill level 5 in Axes
  1875 | D:3      | Noticed Artool's ghost (amateur DsGl)
  2089 | D:3      | Found a hazy altar of Hepliaklqana.
  2397 | D:3      | HP: 1/40 [Artool's ghost (11)]
  2925 | D:3      | Slain by Artool's ghost

Skill      XL: |  1  2  3  4 |
---------------+-------------+-----
Fighting       | 4 |  4.3
Stealth        | 2 |  2.1
Axes           | 5 |  5.3
Dodging        | 3 |  3.0
Armour         | |  0.2

Action                   |  1- 3 |  4- 6 || total
-------------------------+-------+-------++-------
Melee: Hand axe          |   124 |    82 ||   206
Throw: Javelin           |       |     4 ||     4
  Use: Scroll            |     2 |     2 ||     4
 Stab: Sleeping          |     1 |       ||     1
  Eat: Chunk             |     2 |     1 ||     3
       Ration            |       |     1 ||     1
Armor: Robe              |    24 |     4 ||    28
       Chain mail        |       |    33 ||    33
Dodge: Dodged            |    76 |    24 ||   100
